 Dungeon Crawl Stone Soup version 0.31-a0-836-g3ceb0a68c4 (webtiles) character file.

Game seed: 15305080471050559531

916 Kurtz the Cleaver (level 8, -2/52 HPs)
             Began as an Octopode Fighter on Sept 26, 2023.
             Slain by an ogre
             ... wielding a +0 giant spiked club
              (5 damage)
             ... on level 5 of the Dungeon.
             The game lasted 00:02:56 (4039 turns).

Kurtz the Cleaver (Octopode Fighter)                Turns: 4039, Time: 00:02:57

Health: -2/52      AC:  9    Str: 17    XL:     8   Next: 9%
Magic:  8/8        EV: 13    Int: 13    God:
Gold:   142        SH:  4    Dex: 12    Spells: 7/7 levels left

rFire   . . .        o - +0 flail (protect)
rCold   . . .        b - +0 buckler
rNeg    . . .        s - +1 hat {Int+3}
rPois   .            (no amulet)
rElec   .            (no ring)
rCorr   .            (no ring)
SInv    .            (no ring)
Will    .....        (no ring)
Stlth   ++           (no ring)
HPRegen 0.28/turn    (no ring)
MPRegen 0.11/turn    (no ring)
                     (no ring)

%: no passive effects
@: mighty, under a protective aura
A: almost no armour, amphibious, 8 rings, camouflage 1, gelatinous body 1,
(nimble swimmer 1), tentacles
a: no special abilities


You were on level 5 of the Dungeon.
You visited 1 branch of the dungeon, and saw 5 of its levels.
You also visited: Sewer.

You collected 142 gold pieces.

Inventory:

Hand Weapons
 a - a +0 war axe
 o - a +0 flail of protection (weapon)
Missiles
 t - 4 poisoned darts
Armour
 b - a +0 buckler (worn)
 k - a +1 hat
 s - a +1 hat of intelligence (worn)
Jewellery
 v - a +4 ring of protection
Scrolls
 d - a scroll of revelation {unknown}
 e - a scroll of silence {unknown}
 f - 7 scrolls of identify {unknown}
 g - 2 scrolls of fog {unknown}
 j - a scroll of immolation {unknown}
 l - a scroll of blinking {unknown}
 n - 2 scrolls of teleportation {unknown}
 p - 2 scrolls of brand weapon {unknown}
 q - a scroll of butterflies {unknown}
 w - a scroll of acquirement {unknown}
 x - a scroll of amnesia {unknown}
Potions
 h - a potion of ambrosia {unknown}
 i - 3 potions of attraction {unknown}
 m - 4 potions of curing {unknown}
 r - 2 potions of magic {unknown}
 u - a potion of cancellation {unknown}


   Skills:
 - Level 3.0 Fighting
 * Level 9.2 Axes
 - Level 3.0 Dodging
 - Level 3.0 Shields


You had 7 spell levels left.
You didn't know any spells.
Your spell library contained the following spells:

 Spells                   Type           Power      Damage    Failure   Level
 Apportation              Tloc           0%         N/A       36%         1
 Jinxbite                 Hex            0%         N/A       52%         2
 Alistair's Intoxication  Tmut/Pois      0%         N/A       100%        5


Dungeon Overview and Level Annotations

Branches:
Dungeon (5/15)              Sewer (visited)
 Temple: D:4-7

Altars:

Annotations:
D:4 3 runed translucent doors, ratmeat3's ghost, amateur TrFi
D:5 Dowan; Duvessa


Innate Abilities, Weirdness & Mutations

You cannot wear most types of armour.
You are amphibious.
You can wear up to eight rings at the same time.
Your skin changes colour to match your surroundings (Stealth+).
Your rubbery body absorbs attacks. (AC +1, EV +1)
((You are camouflaged when in or above water. (Stealth+)))
You have tentacles for arms and can constrict up to eight enemies at once.


Message History

No target in view!
Found a mace.
No target in view!
No target in view!
An ogre comes into view. It is wielding a +0 giant spiked club.
The ogre shouts!
An ogre is nearby!
Found 14 gold pieces.
An ogre comes into view. It is wielding a +0 giant spiked club.
You see here a +0 mace.
An ogre is nearby!
You hit the ogre.
Your weapon exudes an aura of protection.
The ogre is lightly wounded.
The ogre hits you with a +0 giant spiked club!
The ogre shouts!
You sock the ogre!
The ogre is moderately wounded.
The ogre closely misses you.
You sock the ogre! You squeeze the ogre!
The ogre is almost dead.
Unknown command.
You barely miss the ogre.
The ogre is almost dead.
The ogre hits you with a +0 giant spiked club!!
The ogre attacks as it pursues you!
The ogre hits you with a +0 giant spiked club!
* * * LOW HITPOINT WARNING * * *
You see here a +0 mace.
Unknown command.
You hit the ogre.
You kill the ogre!
Your Axes skill increases to level 9!
You have reached level 8!
You feel very mighty all of a sudden. The ogre closely misses you.
You barely miss the ogre. You closely miss the ogre.
The ogre hits you with a +0 giant spiked club.
You die...

#####..# #.# #.#
####.....###.###.#
..................#
#
.........###..#####
#$ #####.#### #.##
#..### #.# #.#
#.....##.# #.#
.......#.######.#
#..O@.......#
##.#?######## #.#.#
....# ...### ####


You could see an ogre.

Vanquished Creatures
  Sigmund (D:2)
  A black bear (D:3)
  An ice beast (D:3)
  An ogre (D:5)
  A scorpion (D:4)
  A hound (D:5)
  2 jellies (D:4)
  An iguana (D:5)
  Jessica (D:2)
  Terence (D:2)
  5 river rats
  10 adders
  An ufetubus (D:4)
  A dart slug (D:3)
  3 worms
  2 orcs
  11 ball pythons
  7 endoplasms
  5 giant cockroaches
  8 goblins
  6 hobgoblins
  10 jackals
  14 kobolds
  3 quokkas
  7 bats
  8 frilled lizards
  9 rats
121 creatures vanquished.

Notes
Turn   | Place    | Note
-------+----------+-------------------------------------------
     0 | D:1      | Kurtz the Octopode Fighter began the quest for the Orb.
     0 | D:1      | Reached XP level 1. HP: 16/16 MP: 1/1
   207 | D:1      | Reached XP level 2. HP: 21/21 MP: 2/2
   367 | D:1      | Reached skill level 3 in Axes
   427 | D:1      | Reached XP level 3. HP: 8/26 MP: 3/3
  1015 | D:2      | Noticed Terence
  1023 | D:2      | Killed Terence
  1024 | D:2      | Reached skill level 4 in Axes
  1024 | D:2      | Reached XP level 4. HP: 31/31 MP: 4/4
  1055 | D:2      | Noticed Sigmund
  1064 | D:2      | Killed Sigmund
  1065 | D:2      | Reached skill level 6 in Axes
  1065 | D:2      | Reached XP level 5. HP: 22/36 MP: 5/5
  1065 | D:2      | Reached XP level 6. HP: 26/42 MP: 6/6
  1143 | D:2      | Noticed Jessica
  1146 | D:2      | Killed Jessica
  1647 | D:2      | Found a faded altar of an unknown god.
  1839 | D:3      | Found a glowing drain.
  1861 | Sewer    | Entered a sewer
  2099 | Sewer    | Reached skill level 7 in Axes
  2487 | D:3      | Identified the +8 long sword "Qudomalo" {antimagic, Int+5
                  | Dex+2}
  2688 | D:3      | Noticed a black bear
  2695 | D:3      | Killed a black bear
  2696 | D:3      | Reached XP level 7. HP: 42/46 MP: 7/7
  2748 | D:3      | Reached skill level 8 in Axes
  3604 | D:4      | Found a runed translucent gate.
  3604 | D:4      | Noticed ratmeat3's ghost (amateur TrFi)
  3605 | D:4      | Found a runed translucent gate.
  3605 | D:4      | Found a runed translucent gate.
  3610 | D:4      | Identified the +7 whip "Kyoxef" {holy, Contam +Blink rElec
                  | Str+4}
  3610 | D:4      | Identified the +0 chain mail "Tepaisiu" {Int+3}
  3825 | D:5      | Entered Level 5 of the Dungeon
  3825 | D:5      | Noticed Dowan
  3826 | D:5      | Noticed Duvessa
  4035 | D:5      | HP: 1/46 [ogre/+0 giant spiked club (14)]
  4037 | D:5      | Reached skill level 9 in Axes
  4037 | D:5      | Reached XP level 8. HP: 2/52 MP: 8/8
  4039 | D:5      | Slain by an ogre

Illustrated notes

Levels and vault maps discovered:
D:1:      minmay_arrival_open_corners, layout_loops_ring, nrook_campfire,
          minmay_pentomino_t4
D:2:      layout_loops_ring, shapermc_ecumenical_altar_petra, uniq_jessica,
          uniq_sigmund, uniq_terence
D:3:      layout_basic, portal_sewer_entry_a
D:4:      layout_loops_ring, biasface_ghost_orc_armoury, minmay_surrounded
D:5:      layout_loops_ring, nicolae_yredelemnul_ghost_church,
          minmay_temple_entry_drinking_statues, grunt_ministairs_5,
          dilly_guarded_unrand_devastator, uniq_duvessa, uniq_blork_the_orc

Skill      XL: |  1  2  3  4  5  6  7 |
---------------+----------------------+-----
Axes           | 3 4 6 7 9 |  9.2
Fighting       | |  3.0
Dodging        | |  3.0
Shields        | |  3.0

Action                     |  1- 3 |  4- 6 |  7- 9 || total
---------------------------+-------+-------+-------++-------
  Melee: War axe           |    45 |    40 |       ||    85
         Constrict         |    12 |    38 |    14 ||    64
         Tentacles         |     5 |    30 |    17 ||    52
         Punch             |     1 |     1 |       ||     2
         Flail             |       |    82 |    70 ||   152
    Use: Potion            |       |       |     1 ||     1
   Stab: Sleeping          |    12 |     9 |     7 ||    28
         Distracted        |       |     1 |       ||     1
 Armour: Skin              |    16 |    40 |    23 ||    79
  Dodge: Dodged            |    31 |    64 |    39 ||   134
  Block: Buckler           |     7 |    24 |     5 ||    36

Table legend: (Time is in decaauts)
 A = Elapsed time spent in this place.
 B = Non-inter-level travel time spent in this place.
 C = Inter-level travel time spent in this place.
 D = Time resting spent in this place.
 E = Time spent auto-exploring this place.
 F = Levels seen in this place.
 G = Mean time per level.
                   A        B        C        D        E       F      G
               +--------+--------+--------+--------+--------+-----+--------+
         Total |   4097 |   3936 |    161 |    366 |   2744 |   6 |  682.8 |
       Dungeon |   3479 |   3318 |    161 |    366 |   2333 |   5 |  695.8 |
         Sewer |    617 |    617 |      0 |      0 |    411 |   1 |  617.0 |
               +--------+--------+--------+--------+--------+-----+--------+

Top non-repeatable levels by time:
     D:4: 1022 daAuts
     D:1: 951 daAuts
     D:2: 765 daAuts
   Sewer: 617 daAuts
     D:3: 596 daAuts
     D:5: 143 daAuts
